 Dungeon Crawl Stone Soup version 0.26-a0-28-gc929df5 (webtiles) character file.

Game seed: 858155548019576599, levelgen mode: deterministic

6418 Ayyar the Fighter (level 10, -13/73 HPs)
             Began as a Demonspawn Gladiator on May 27, 2020.
             Was an Elder of Hepliaklqana.
             Mangled by a large abomination (20 damage)
             ... on level 2 of the Abyss.
             The game lasted 00:55:39 (10982 turns).

Ayyar the Fighter (Demonspawn Gladiator)           Turns: 10982, Time: 00:55:40

Health: -13/73     AC: 18    Str: 24    XL:     10   Next: 66%
Magic:  12/12      EV:  9    Int:  9    God:    Hepliaklqana [****..]
Gold:   440        SH: 11    Dex: 15    Spells: 9/9 levels left

rFire    . . .     SeeInvis .   a - +1 trident
rCold    . . .     Gourm    .   j - +0 kite shield
rNeg     . . .     Faith    .   C - +0 chain mail
rPois    +         Spirit   .   t - +0 helmet
rElec    .         Reflect  .   D - +0 cloak
rCorr    .         Harm     .   Q - +1 pair of gloves
MR       .....                  I - +0 pair of boots
Stlth    ..........             (no amulet)
HPRegen  0.22/turn              x - ring of poison resistance
MPRegen  0.13/turn              i - +6 ring of strength

@: hasted, very quick
A: reduced essence, claws 2, yellow scales 2, powered by death 1, rot immunity
a: Recall Ancestor, Ancestor Identity, Transference, Idealise, Renounce Religion


You were on level 2 of the Abyss.
You worshipped Hepliaklqana.
Hepliaklqana was greatly pleased with you.
You were not hungry.

You visited 1 branch of the dungeon, and saw 10 of its levels.
You visited the Abyss 1 time.

You collected 576 gold pieces.
You spent 136 gold pieces at shops.

Inventory:

Hand Weapons
 a - a +1 trident (weapon)
Missiles
 d - 3 throwing nets
 w - 22 boomerangs (quivered)
 O - 3 javelins
Armour
 j - a +0 kite shield (worn)
 t - a +0 helmet (worn)
 C - a +0 chain mail (worn)
 D - a +0 cloak (worn)
 I - a +0 pair of boots (worn)
 J - a +0 plate armour
 Q - a +1 pair of gloves (worn)
Jewellery
 i - a +6 ring of strength (right hand)
 r - an uncursed ring of flight
 s - an uncursed ring of fire
 x - a ring of poison resistance (left hand)
 P - an uncursed ring of positive energy
Wands
 m - a wand of disintegration (20)
 z - a wand of flame (21)
 B - a wand of acid (14)
 M - a wand of random effects (6)
 N - a wand of polymorph (9)
 R - a wand of enslavement (8)
Scrolls
 b - a scroll of blinking
 c - 3 scrolls of remove curse
 n - 2 scrolls of amnesia {unknown}
 o - 4 scrolls of identify
 p - a scroll of fog
 q - a scroll of magic mapping {unknown}
 y - 5 scrolls of immolation {unknown}
 A - a scroll of enchant armour {unknown}
 E - 4 scrolls of teleportation
 F - a scroll of holy word
 G - a scroll of summoning {unknown}
 L - a scroll of enchant weapon
Potions
 e - a potion of ambrosia
 g - 2 potions of resistance
 h - 2 potions of haste
 u - 2 potions of invisibility
 v - 2 potions of flight
 H - a potion of magic {unknown}
 K - a potion of curing
Comestibles
 f - 19 rations
 k - a chunk of flesh


   Skills:
 + Level 8.9 Fighting
 + Level 8.5 Polearms
 - Level 4.0 Throwing
 + Level 4.3 Armour
 - Level 5.0 Dodging
 + Level 6.1 Shields
 + Level 3.1 Invocations


You had 9 spell levels left.
You didn't know any spells.
Your spell library contained the following spells:

 Spells                   Type           Power        Failure   Level  Hunger
 Animate Skeleton         Necr           N/A          100%        1    ##.....
 Corona                   Hex            #......      100%        1    ##.....
 Infusion                 Chrm           #...         100%        1    ##.....
 Magic Dart               Conj           #...         100%        1    ##.....
 Shock                    Conj/Air       #...         100%        1    ##.....
 Blink                    Tloc           N/A          100%        2    ###....
 Call Imp                 Summ           #.......     100%        2    ###....
 Shroud of Golubria       Chrm/Tloc      #.....       100%        2    ###....
 Slow                     Hex            #.......     100%        2    ###....
 Song of Slaying          Chrm           #.......     100%        2    ###....
 Swiftness                Chrm/Air       #.......     100%        2    ###....
 Conjure Flame            Conj/Fire      #.......     100%        3    ####...
 Inner Flame              Hex/Fire       #.......     100%        3    ####...
 Mephitic Cloud           Conj/Pois/Air  #.......     100%        3    ####...
 Ozocubu's Armour         Chrm/Ice       #.......     100%        3    ####...
 Portal Projectile        Hex/Tloc       #.....       100%        3    ####...
 Spectral Weapon          Hex/Chrm       #.......     100%        3    ####...
 Static Discharge         Conj/Air       #.......     100%        3    ####...
 Airstrike                Air            #.........   100%        4    #####..
 Cause Fear               Hex            #.........   100%        4    #####..
 Leda's Liquefaction      Hex/Erth       #.........   100%        4    #####..
 Lightning Bolt           Conj/Air       #.........   100%        5    ######.


Dungeon Overview and Level Annotations

Branches:
Dungeon (10/15)            Temple (0/1) D:4
   Lair: D:8-11         Orc: D:9-12

Altars:
Ashenzari
Cheibriados
Elyvilon
Fedhas
Gozag
Hepliaklqana
Kikubaaqudgha
Makhleb
Nemelex Xobeh
Okawaru
Ru
Sif Muna
Trog
Uskayaw
Vehumet
The Shining One

Shops:
D:9 ?

Annotations:
D:10 3 runed translucent doors, Fannar; Sonja; partyfoot2's ghost, journeyman DsGl


Innate Abilities, Weirdness & Mutations

You have very sharp fingernails.
You are mostly covered in yellow scales. (AC +3)
You regenerate a little health from kills.
You are immune to rotting.
Your life essence is reduced to manifest your ancestor. (-10% HP)


Message History

The raiju bursts into living lightning!
The living lightning hits you.
The raiju blinks! x2
You block the large abomination's attack.
You barely miss the large abomination.
The large abomination is severely damaged.
The raiju barely misses you. The large abomination hits you!!
You hit the large abomination.
The large abomination is severely damaged.
A thrashing horror comes into view.
You block the raiju's attack. The large abomination hits you!
* * * LOW HITPOINT WARNING * * *
The thrashing horror moves out of view.
You feel yourself speed up.
A death drake comes into view.
The raiju bites you!
* * * LOW HITPOINT WARNING * * *
The raiju shocks you!
* * * LOW HITPOINT WARNING * * *
The large abomination hits you!!
You die...

# # #. .. # # .
..## .# #..#.#
....# ## . #
####.#.##.
##... . ##...#.
. #.#. . #
#..#..##. . .#
# .
#..........# ..
#. ...
#..###..# # .
#..># #
#X@h#.#..#.#.
..# #...#...#
.. # ### #
#..#..
....##.## ##
...[..#..#.#.##
...........#
k§. # ...##.
..# # # # #.#
.. .## .. #


You could see a death drake (wandering), a large abomination and a raiju.

Vanquished Creatures
  A two-headed ogre (D:10)
  Joseph (D:8)
  A troll (D:8)
  Menkaure (D:5)
  An ice beast (D:9)
  3 sky beasts
  5 orc warriors
  4 ogres
  A centaur (D:5)
  2 phantoms
  A small abomination (Abyss:2)
  2 big kobolds
  A bullfrog (D:7)
  A gnoll sergeant (D:9)
  A wyvern zombie (D:6)
  4 scorpions
  5 killer bees
  4 howler monkeys
  3 crimson imps
  A centaur zombie (D:7)
  A jelly (D:8)
  An orc priest (D:8)
  2 hounds (D:5)
  A gnoll shaman (D:5)
  6 orc wizards
  A centaur skeleton (D:7)
  2 iguanas (D:6)
  6 worker ants
  A killer bee zombie (D:8)
  3 hound zombies
  Robin (D:2)
  11 gnolls
  10 adders
  3 shadow imps (D:5)
  An ooze (D:2)
  3 adder skeletons
  3 worms
  4 dart slugs
  4 leopard geckos
  27 orcs
  6 bats
  14 giant cockroaches
  11 goblins
  6 hobgoblins
  6 jackals
  6 kobolds
  A quokka (D:2)
  3 frilled lizards
  A jackal skeleton (D:7)
  A leopard gecko skeleton (D:5)
  2 quokka skeletons
  A quokka zombie (D:7)
  7 rats
  2 plants (D:5)
201 creatures vanquished.

Vanquished Creatures (collateral kills)
  A troll (D:8)
  A hippogriff (D:9)
  A hungry ghost (D:7)
  2 orc warriors
  An ice beast (D:8)
  A phantom (D:7)
  A centaur (D:7)
  3 bullfrogs
  3 scorpions
  2 hounds
  A jelly (D:10)
  A bullfrog skeleton (D:9)
  An iguana (D:10)
  An orc wizard (D:9)
  A worker ant (D:9)
  A worker ant zombie (D:7)
  3 gnolls
  3 adders
  2 shadow imps
  A white imp (Abyss:2)
  An ooze (D:4)
  5 orcs
  A jackal (D:10)
  2 quokkas
  3 kobolds
43 creatures vanquished.

Vanquished Creatures (others)
  A steam dragon (D:10)
  6 hexers
  3 ancestors
10 creatures vanquished.

Grand Total: 254 creatures vanquished

Notes
Turn   | Place    | Note
-------+----------+-------------------------------------------
     0 | D:1      | Ayyar the Demonspawn Gladiator began the quest for the Orb.
     0 | D:1      | Reached XP level 1. HP: 16/16 MP: 1/1
   309 | D:1      | Gained mutation: You are partially covered in yellow
                  | scales. (AC +2) [demonic ancestry]
   309 | D:1      | Reached XP level 2. HP: 18/22 MP: 2/2
   861 | D:2      | Found an opulent altar of Gozag.
   987 | D:2      | Reached XP level 3. HP: 17/28 MP: 3/3
  1377 | D:2      | Found a bloodstained altar of Trog.
  2207 | D:3      | Gained mutation: You have sharp fingernails. [demonic
                  | ancestry]
  2207 | D:3      | Reached XP level 4. HP: 34/34 MP: 4/4
  2315 | D:3      | Noticed Robin
  2441 | D:2      | Killed Robin
  2687 | D:3      | Reached skill level 1 in Shields
  2687 | D:3      | Gained mutation: You regenerate a little health from kills.
                  | [demonic ancestry]
  2687 | D:3      | Reached XP level 5. HP: 9/41 MP: 5/5
  3242 | D:3      | Found a hazy altar of Hepliaklqana.
  3332 | D:3      | Became a worshipper of Hepliaklqana the Forgotten
  3464 | D:4      | Noticed a phantom
  3501 | D:4      | Killed a phantom
  3501 | D:4      | Gained mutation: You have very sharp fingernails. [demonic
                  | ancestry]
  3501 | D:4      | Reached XP level 6. HP: 27/42 MP: 6/6
  3749 | D:4      | Found a staircase to the Ecumenical Temple.
  3836 | D:4      | Found a glowing golden altar of the Shining One.
  4019 | D:4      | Found a sparkling altar of Nemelex Xobeh.
  4254 | D:5      | Entered Level 5 of the Dungeon
  4455 | D:5      | Noticed a sky beast
  4474 | D:5      | Killed a sky beast
  4474 | D:5      | Gained mutation: You are immune to rotting. [demonic
                  | ancestry]
  4474 | D:5      | Reached XP level 7. HP: 38/47 MP: 7/7
  4617 | D:5      | Reached * piety under Hepliaklqana
  5025 | D:5      | Found a blossoming altar of Fedhas.
  5169 | D:5      | Found a burning altar of Makhleb.
  5633 | D:5      | Found a shattered altar of Ashenzari.
  5633 | D:5      | Noticed Menkaure
  5641 | D:5      | Killed Menkaure
  5641 | D:5      | Reached XP level 8. HP: 54/54 MP: 8/8
  6100 | D:6      | Reached skill level 5 in Shields
  6193 | D:6      | Reached skill level 5 in Fighting
  6193 | D:6      | Reached skill level 5 in Polearms
  6193 | D:6      | Reached skill level 5 in Dodging
  6618 | D:6      | Reached ** piety under Hepliaklqana
  6627 | D:6      | Remembered your ancestor Senakhtenre as a hexer
  6904 | D:6      | Gained mutation: You are mostly covered in yellow scales.
                  | (AC +3) [demonic ancestry]
  6904 | D:6      | Reached XP level 9. HP: 61/61 MP: 9/9
  6934 | D:6      | Found a white marble altar of Elyvilon.
  7226 | D:7      | Found a hide-covered altar of Uskayaw.
  7281 | D:7      | HP: 2/63 [orc warrior/+0 flail (7)]
  7484 | D:7      | Found an iron altar of Okawaru.
  7640 | D:7      | Found a sacrificial altar of Ru.
  7676 | D:7      | Found an opulent altar of Gozag.
  7839 | D:8      | Noticed a troll
  7858 | D:8      | Killed a troll
  8278 | D:8      | Reached *** piety under Hepliaklqana
  8292 | D:8      | Noticed Joseph
  8302 | D:8      | Killed Joseph
  8302 | D:8      | Reached skill level 1 in Armour
  8875 | D:8      | Reached XP level 10. HP: 72/72 MP: 10/10
  9129 | D:8      | Found a snail-covered altar of Cheibriados.
  9190 | D:8      | Upgraded the game from 0.26-a0-27-g1f02269 to
                  | 0.26-a0-28-gc929df5
 10047 | D:9      | Found an ancient bone altar of Kikubaaqudgha.
 10086 | D:9      | Found a shimmering blue altar of Sif Muna.
 10087 | D:9      | Found a radiant altar of Vehumet.
 10089 | D:9      | Identified Kikubaaqudgha's Grimoire of Darkness
 10155 | D:9      | Found Egeogig's Magic Scroll Emporium.
 10164 | D:9      | Bought a scroll of holy word for 97 gold pieces
 10164 | D:9      | Bought a scroll of teleportation for 39 gold pieces
 10217 | D:10     | Entered Level 10 of the Dungeon
 10335 | D:10     | Reached skill level 1 in Invocations
 10378 | D:10     | Found a runed translucent gate.
 10378 | D:10     | Found a runed translucent gate.
 10378 | D:10     | Found a runed translucent gate.
 10379 | D:10     | Noticed partyfoot2's ghost (journeyman DsGl)
 10391 | D:10     | Reached **** piety under Hepliaklqana
 10394 | D:10     | Noticed a two-headed ogre
 10405 | D:10     | Killed a two-headed ogre
 10495 | D:10     | Noticed Fannar
 10813 | D:10     | Noticed Sonja
 10843 | D:10     | Cast into level 2 of the Abyss (Sonja)
 10981 | Abyss:2  | Noticed a thrashing horror
 10982 | Abyss:2  | Noticed a death drake
 10982 | Abyss:2  | Mangled by a large abomination

Illustrated notes

Levels and vault maps discovered:
D:1:      minmay_arrival_solitary_statue, layout_loops_corners
D:2:      layout_basic, overflow_temple_1_default, grunt_gozag_statues
D:3:      minmay_roachtagon, layout_rooms, lemuel_round_altar,
          kennysheep_cross_room, uniq_robin
D:4:      layout_cave_pools, nemelex_xobeh_ov_fountains_minmay,
          nicolae_tso_swordbearing_angel, minmay_temple_entry_mini_moons
D:5:      layout_loops_corners, evilmike_ruin_ashenzari, marbit_many_paths,
          nicolae_overflow_crystal_walls, first_ration, serial_glass,
          glass_columns_a, glass_columns_a, serial_bayou_lagoon_a,
          chequers_arboretum, uniq_menkaure
D:6:      layout_loops_ring, nicolae_overflow_hidden_temple,
          minmay_chambers_of_fives
D:7:      layout_rooms, nicolae_overflow_quartered_altars
D:8:      layout_loops_ring, lemuel_round_altar, wad_floor_pattern_2,
          uniq_joseph
D:9:      layout_rooms, grunt_temple_overflow_magic_moments, serial_shops, shop
D:10:     layout_big_octagon, orc_david_3, gammafunk_ghost_spectres,
          uniq_fannar, uniq_sonja
Abyss:2:  base: D:6, base:
D:1

Skill      XL: |  1  2  3  4  5  6  7  8  9 10 |
---------------+-------------------------------+-----
Throwing       | 2 3 4 |  4.0
Polearms       | 3 4 5 7 8 |  8.5
Dodging        | 3 4 5 |  5.0
Fighting       | 3 4 5 7 8 |  8.9
Shields        | 1 2 3 4 6 |  6.1
Armour         | 2 4 |  4.3
Invocations    | 3 |  3.1

Action                   |  1- 3 |  4- 6 |  7- 9 | 10-12 || total
-------------------------+-------+-------+-------+-------++-------
Melee: Trident           |    95 |   265 |   576 |   191 ||  1127
Throw: Boomerang         |       |       |       |    46 ||    46
       Javelin           |       |       |       |     5 ||     5
Invok: Ancestor Life: He |       |       |     1 |       ||     1
       Recall Ancestor   |       |       |       |     1 ||     1
Evoke: Wand              |       |       |     3 |       ||     3
  Use: Potion            |       |     4 |     4 |     2 ||    10
       Scroll            |       |     4 |     5 |     9 ||    18
 Stab: Sleeping          |     2 |       |       |       ||     2
       Confused          |       |       |     4 |     6 ||    10
       Distracted        |       |       |     3 |     2 ||     5
  Eat: Chunk             |     4 |     8 |     8 |     4 ||    24
       Ration            |       |       |     3 |     1 ||     4
Armor: Leather armour    |    22 |       |       |       ||    22
       Ring mail         |     7 |   116 |    17 |       ||   140
       Chain mail        |       |       |   158 |    93 ||   251
Dodge: Dodged            |    35 |   103 |   136 |    71 ||   345
Block: Kite shield       |    21 |    97 |   216 |   122 ||   456

Table legend:
 A = Non-vault XP
 B = Vault XP
 C = Vault XP percentage of total XP
 D = Non-vault monster count
 E = Vault monster count
 F = Vault count percentage of total count
                 A         B        C        D         E       F
            +---------+---------+-------+---------+---------+-------
      Total |    8343 |     826 |   9.0 |     212 |      31 |  12.8
            +---------+---------+-------+---------+---------+-------
        D:1 |      24 |       0 |   0.0 |      12 |       0 |   0.0
        D:2 |      63 |      17 |  21.2 |      17 |       2 |  10.5
        D:3 |      92 |      36 |  28.1 |      16 |      19 |  54.3
        D:4 |     336 |       0 |   0.0 |      15 |       0 |   0.0
        D:5 |    1039 |     178 |  14.6 |      33 |       2 |   5.7
        D:6 |    1104 |      52 |   4.5 |      25 |       4 |  13.8
        D:7 |    1115 |       0 |   0.0 |      21 |       0 |   0.0
        D:8 |    1563 |     407 |  20.7 |      37 |       1 |   2.6
        D:9 |    1386 |       0 |   0.0 |      21 |       0 |   0.0
       D:10 |    1508 |     136 |   8.3 |      13 |       3 |  18.8
    Abyss:2 |     113 |       0 |   0.0 |       2 |       0 |   0.0
            +---------+---------+-------+---------+---------+-------
